 Dungeon Crawl Stone Soup version 0.25-a0-940-gc6eaff51cc (webtiles) character file.

Game seed: 14453112122157996166, levelgen mode: deterministic

109599 Hasart the Gelid (level 17, -11/96 HPs)
             Began as a Kobold Ice Elementalist on May 5, 2020.
             Was a High Priest of Vehumet.
             Mangled by a tentacled starspawn (34 damage)
             ... on level 3 of the Abyss.
             The game lasted 01:40:17 (36193 turns).

Hasart the Gelid (Kobold Ice Elementalist)         Turns: 36193, Time: 01:40:18

Health: -11/96     AC: 12    Str:  3 (5)  XL:     17   Next: 7%
Magic:  22/43      EV: 19    Int: 22      God:    Vehumet [*****.]
Gold:   2171       SH:  0    Dex: 18 (20) Spells: 12/42 levels left

rFire    . . .     SeeInvis +   S - +11 short sword "Qoh Waud" {pain, +Rage}
rCold    . . .     Gourm    .   (shield restricted)
rNeg     . . .     Faith    .   J - +0 troll leather armour
rPois    +         Spirit   .   t - +2 helmet {SInv}
rElec    .         Reflect  .   h - +0 cloak
rCorr    .         Harm     .   m - +2 pair of gloves {Dex+3}
MR       +....                  r - +0 pair of boots
Stlth    ++........             (no amulet)
HPRegen  0.66/turn              v - ring of magical power
MPRegen  0.28/turn              Y - ring of poison resistance

@: about to teleport
A: small, carnivore
a: Renounce Religion, Evoke Berserk Rage


You were on level 3 of the Abyss.
You worshipped Vehumet.
Vehumet was extremely pleased with you.
You were very full.

You visited 5 branches of the dungeon, and saw 25 of its levels.
You visited the Abyss 1 time.
You also visited: Ice Cave and Volcano.

You collected 2727 gold pieces.
You spent 556 gold pieces at shops.

Inventory:

Hand Weapons
 S - the +11 short sword "Qoh Waud" (weapon) {pain, +Rage}
   (You bought it in a shop on level 2 of the Orcish Mines)

   In the hands of one skilled in necromantic magic, it inflicts extra damage on
   living creatures.
   It lets you go berserk.
Armour
 h - a +0 cloak (worn)
 l - a +0 buckler
 m - a +2 pair of gloves of dexterity (worn)
 r - a +0 pair of boots (worn)
 t - a +2 helmet of see invisible (worn)
 J - a +0 troll leather armour (worn)
 K - a +2 robe of cold resistance
 O - a +2 robe of the Archmagi
 W - a +1 hat of magic resistance
Magical Staves
 B - an uncursed staff of wizardry
Jewellery
 v - a ring of magical power (left hand)
 y - a cursed ring of protection from magic {unknown}
 H - an uncursed ring of protection from cold {unknown}
 V - a +3 ring of intelligence
 Y - a ring of poison resistance (right hand)
Wands
 a - a wand of iceblast (26)
 s - a wand of acid (6)
 u - a wand of paralysis (28)
 C - a wand of digging (4)
 P - a wand of disintegration (7)
 X - a wand of clouds (4)
Scrolls
 d - 12 scrolls of remove curse
 j - 3 scrolls of enchant armour
 k - 5 scrolls of magic mapping
 n - 3 scrolls of fear
 o - 14 scrolls of identify
 p - 5 scrolls of teleportation
 q - 2 scrolls of fog
 w - a scroll of silence {unknown}
 L - 4 scrolls of amnesia
 N - 4 scrolls of blinking
Potions
 b - 5 potions of brilliance
 e - 3 potions of stabbing
 f - 8 potions of curing
 i - 3 potions of mutation
 x - a potion of ambrosia
 A - 2 potions of heal wounds
 D - 3 potions of lignification
 G - 3 potions of haste
 I - a potion of invisibility
Comestibles
 c - 37 rations
 g - 3 chunks of flesh


   Skills:
 - Level 7.0 Fighting
 - Level 5.0 Short Blades
 - Level 9.0 Dodging
 - Level 2.6 Stealth
 + Level 2.3 Shields
 + Level 13.2 Spellcasting
 - Level 10.0 Conjurations
 - Level 6.0 Summonings
 + Level 3.3 Translocations
 * Level 18.0 Ice Magic
 - Level 6.0 Air Magic
 - Level 8.0 Evocations


You had 12 spell levels left.
You knew the following spells:

 Your Spells              Type           Power        Failure   Level  Hunger
a - Searing Ray           Conj           ######       1%          2    None
b - Frozen Ramparts       Ice            ######       0%          3    None
c - Summon Ice Beast      Ice/Summ       ######..     1%          4    None
d - Hailstorm             Conj/Ice       ######..     1%          4    None
e - Dazzling Flash        Conj/Hex       #####.       1%          3    None
f - Ozocubu's Refrigerat  Ice            #######...   1%          6    #####..
g - Blink                 Tloc           N/A          3%          2    None
s - Freezing Cloud        Conj/Ice/Air   ######....   3%          6    #####..

Your spell library contained the following spells:

 Spells                   Type           Power        Failure   Level  Hunger
 Bolt of Magma            Conj/Fire/Erth ####......   16%         5    ###....
 Freeze                   Ice            ####         0%          1    None
 Ozocubu's Armour         Chrm/Ice       ######..     1%          3    None
 Ice Form                 Ice/Tmut       ######..     2%          4    None
 Metabolic Englaciation   Hex/Ice        ######....   6%          5    ###....
 Shroud of Golubria       Chrm/Tloc      ###...       7%          2    None
 Gell's Gravitas          Tloc           ####......   7%          3    None
 Inner Flame              Hex/Fire       ##......     7%          3    None
 Lesser Beckoning         Tloc           ####......   7%          3    None
 Teleport Other           Tloc           ####....     7%          3    None
 Corona                   Hex            ##.....      9%          1    None
 Irradiate                Conj/Tmut      #####.....   9%          5    ###....
 Slow                     Hex            ##......     13%         2    None
 Portal Projectile        Hex/Tloc       ###...       13%         3    None
 Passage of Golubria      Tloc           N/A          22%         4    None
 Simulacrum               Ice/Necr       ######....   32%         6    #####..
 Cause Fear               Hex            ##........   65%         4    None
 Leda's Liquefaction      Hex/Erth       ##........   65%         4    None
 Hydra Form               Tmut           ##........   100%        6    #####..
 Statue Form              Tmut/Erth      ##.......    100%        6    #####..
 Dragon Form              Tmut           ##........   100%        7    ######.


Dungeon Overview and Level Annotations

Branches:
Dungeon (15/15)            Temple (1/1) D:6            Lair (6/6) D:10
  Swamp (0/4) Lair:3       Spider (0/4) Lair:4        Slime (0/5) Lair:6
    Orc (2/2) D:9             Elf (1/3) Orc:2        Vaults (0/5) D:13
  IceCv (visited)         Volcano (visited)
 Depths: D:15

Altars:
Ashenzari
Cheibriados
Dithmenos
Elyvilon
Fedhas
Gozag
Hepliaklqana
Kikubaaqudgha
Makhleb
Nemelex Xobeh
Okawaru
Qazlal
Ru
Sif Muna
Trog
Uskayaw
Vehumet
Wu Jian
Xom
Yredelemnul
Zin
The Shining One
Jiyva

Shops:
D:10 *   Orc:2 (}?%

Portals:
Pandemonium: Orc:2

Annotations:
D:15 Louise


Innate Abilities, Weirdness & Mutations

You are small and have problems with some larger weapons.
You are carnivorous and can eat meat at any time.


Message History

Aiming: Freezing Cloud (dangerous; 3% risk of failure)
Press: ? - help, Dir - move target cursor That beam is likely to hit you.
Continue anyway?
Okay, then.
Casting: Freezing Cloud (dangerous; 3% risk of failure)
Confirm with . or Enter, or press ? or * to list all spells.
Okay, then.
The guardian serpent misses you.
The guardian serpent casts a spell at you.
You easily resist.
The guardian serpent hits you.
The guardian serpent completely misses you.
A tentacled starspawn comes into view.
The guardian serpent hits you! The guardian serpent misses you.
The tentacled starspawn bites you!! The tentacled starspawn engulfs you!
* * * LOW HITPOINT WARNING * * *
The guardian serpent closely misses you.
You feel yourself speed up. The tentacled starspawn bites you!!
You die...

#..# #...##
#....
##..##...#
# ....S..
.##..##.#..
ยง..###..#
#..#...# ##
#3#
###.##.# .#
#....###
... #.####
.### #XS#
#.@# #.#..#
##....#
...###
...#. ##..
. #.. # .##


You could see a tentacled starspawn and a guardian serpent.

Vanquished Creatures
  Rupert (Lair:5)
  A tentacled starspawn (Abyss:3)
  A frost giant (IceCv)
  An ironheart preserver (D:13)
  A red draconian (Volcano)
  8 hydras
  An ice dragon (Lair:6)
  An ogre mage (D:15)
  3 centaur warriors
  8 two-headed ogres
  2 thrashing horrors (Abyss:3)
  5 orc high priests (Orc:2)
  A death yak (IceCv)
  Sonja (Lair:6)
  A soul eater (Orc:2)
  2 gelid demonspawn
  5 unseen horrors
  An infernal demonspawn (Orc:2)
  3 orc knights
  3 lindwurms
  7 orc sorcerers
  2 oklob plants (Lair:2)
  5 deep elf magi
  18 ugly things
  2 cyclopes
  A centaur zombie (D:10)
  An ice statue (IceCv)
  A black mamba (Lair:6)
  A moth of wrath (Lair:5)
  A salamander (shapeshifter) (D:14)
  Maurice (D:13)
  12 elephants
  An orange demon (Orc:2)
  5 torpor snails (Lair:6)
  5 rime drakes
  2 efreet
  10 spiny frogs
  A large abomination (Abyss:3)
  5 komodo dragons
  A yaktaur (Volcano)
  A demonic crawler (Lair:5)
  2 ice devils (Orc:2)
  A red devil (Orc:2)
  8 trolls
  16 polar bears
  3 meliai (D:14)
  Prince Ribbit (D:6)
  4 tyrant leeches
  9 hornets
  14 blink frogs
  14 hippogriffs
  A meliai zombie (D:11)
  6 raiju (Abyss:3)
  Sigmund (D:4)
  48 yaks
  A water elemental (D:12)
  6 wyverns
  Eustachio (D:6)
  2 chaos spawn
  A basilisk (Lair:4)
  A warg (D:9)
  6 swamp worms
  Edmund (D:5)
  A soldier ant (D:14)
  6 insubstantial wisps (Abyss:3)
  An acid dragon (D:11)
  12 water moccasins
  9 porcupines
  Duvessa (D:6)
  4 sky beasts
  31 orc warriors
  2 black bears
  An eye of draining (D:9)
  7 phantoms
  10 ogres
  4 ice beasts
  16 wolves (IceCv)
  5 boggarts (D:14)
  14 centaurs
  15 crocodiles
  A big kobold (D:9)
  2 small abominations (Abyss:3)
  An elf zombie (D:12)
  Blork the orc (D:4)
  23 bullfrogs
  2 scorpions
  Dowan (D:6)
  A water moccasin skeleton (D:6)
  3 troll zombies
  21 killer bees
  10 howler monkeys
  5 electric eels
  8 wights
  6 crimson imps
  A bullfrog zombie (D:12)
  3 jellies (D:14)
  2 quasits
  3 human zombies (D:12)
  2 bullfrog skeletons (D:6)
  6 hounds
  27 orc priests
  3 centaur skeletons
  3 human skeletons (D:12)
  Ijyb (D:4)
  6 iguanas
  12 worker ants
  17 orc wizards
  6 ogre zombies (D:9)
  A hound skeleton (D:9)
  3 worker ant zombies
  A howler monkey skeleton (D:6)
  3 gnolls (D:4)
  16 adders
  7 shadow imps
  2 oozes
  4 worms
  3 dart slugs
  6 leopard geckos
  103 orcs
  A ball python (D:3)
  5 bats
  8 giant cockroaches
  7 goblins
  7 hobgoblins
  14 jackals
  15 kobolds
  7 quokkas
  9 frilled lizards
  A goblin skeleton (D:9)
  2 goblin zombies (D:9)
  A hobgoblin skeleton (D:9)
  A hobgoblin zombie (D:9)
  3 leopard gecko skeletons
  An orc skeleton (D:9)
  15 orc zombies
  7 rats
  2 butterflies (D:2)
  38 fungi
  59 plants
  3 starspawn tentacles (Abyss:3)
951 creatures vanquished.

Vanquished Creatures (collateral kills)
  Gastronok (Lair:1)
  A two-headed ogre (D:9)
  An orc knight (Orc:2)
  A rust devil (Orc:2)
  Joseph (D:7)
  A gargoyle (D:13)
  2 polar bears (IceCv)
  A hippogriff (D:8)
  4 hungry ghosts
  An orc warrior (Orc:2)
  An ogre (D:7)
  A bullfrog (D:11)
  A centaur skeleton (D:12)
  3 orc priests (Orc:2)
  A hound zombie (D:11)
  6 orcs
  A frilled lizard (D:5)
  A goblin skeleton (D:9)
  A goblin zombie (D:9)
  An orc skeleton (D:9)
  2 orc zombies (D:9)
33 creatures vanquished.

Vanquished Creatures (others)
  A tentacled starspawn (Abyss:3)
  A wolf (IceCv)
  11 fungi
  2 plants
  3 starspawn tentacles (Abyss:3)
18 creatures vanquished.

Grand Total: 1002 creatures vanquished

Notes
Turn   | Place    | Note
-------+----------+-------------------------------------------
     0 | D:1      | Hasart the Kobold Ice Elementalist began the quest for the
                  | Orb.
     0 | D:1      | Reached XP level 1. HP: 10/10 MP: 3/3
   377 | D:1      | Reached XP level 2. HP: 15/15 MP: 3/5
   983 | D:1      | Reached XP level 3. HP: 16/19 MP: 3/6
   988 | D:1      | Learned a level 3 spell: Frozen Ramparts
  1819 | D:2      | Reached XP level 4. HP: 20/24 MP: 4/8
  1982 | D:2      | Found a snail-covered altar of Cheibriados.
  2037 | D:2      | Found a shimmering altar of Xom.
  2234 | D:2      | Reached skill level 5 in Ice Magic
  2370 | D:2      | Learned a level 4 spell: Summon Ice Beast
  2402 | D:3      | Reached XP level 5. HP: 25/28 MP: 5/9
  2598 | D:3      | Found a shimmering blue altar of Sif Muna.
  3561 | D:4      | Noticed an ogre
  3572 | D:4      | Killed an ogre
  3572 | D:4      | Reached skill level 1 in Summonings
  3572 | D:4      | Reached skill level 1 in Evocations
  3572 | D:4      | Reached XP level 6. HP: 25/32 MP: 5/11
  3653 | D:4      | Noticed Ijyb
  3668 | D:4      | Killed Ijyb
  3795 | D:4      | Noticed Blork the orc
  3800 | D:4      | Killed Blork the orc
  3811 | D:4      | Reached XP level 7. HP: 31/36 MP: 2/12
  3932 | D:4      | Noticed Sigmund
  3950 | D:4      | Killed Sigmund
  3950 | D:4      | Reached skill level 6 in Ice Magic
  4417 | D:4      | Reached XP level 8. HP: 41/41 MP: 9/14
  4841 | D:5      | Entered Level 5 of the Dungeon
  4852 | D:5      | Reached skill level 5 in Dodging
  4925 | D:5      | Found a faded altar of an unknown god.
  4925 | D:5      | Found a sparkling altar of Nemelex Xobeh.
  4973 | D:5      | Found an ancient bone altar of Kikubaaqudgha.
  4976 | D:5      | Found a bloodstained altar of Trog.
  4977 | D:5      | Found a shattered altar of Ashenzari.
  5049 | D:5      | Noticed Edmund
  5063 | D:5      | Killed Edmund
  5063 | D:5      | Reached skill level 7 in Ice Magic
  5161 | D:5      | Found a stormy altar of Qazlal.
  6247 | D:6      | Reached XP level 9. HP: 29/45 MP: 11/16
  6391 | D:6      | Found a staircase to the Ecumenical Temple.
  6405 | D:6      | Noticed Eustachio
  6423 | D:6      | Killed Eustachio
  6423 | D:6      | Reached skill level 5 in Spellcasting
  6448 | Temple   | Entered the Ecumenical Temple
  6481 | Temple   | Became a worshipper of Vehumet
  6668 | D:6      | Noticed Dowan
  6669 | D:6      | Noticed Duvessa
  6730 | D:6      | Killed Dowan
  6738 | D:6      | Killed Duvessa
  6738 | D:6      | Reached skill level 8 in Ice Magic
  6990 | D:6      | Reached skill level 5 in Evocations
  7159 | D:6      | You fall into a shaft and drop 1 floor!
  7162 | D:7      | Noticed Joseph
  7182 | D:7      | Killed Joseph
  7182 | D:7      | Reached skill level 1 in Short Blades
  7755 | D:7      | Reached XP level 10. HP: 50/50 MP: 18/18
  7956 | D:6      | Found a shadowy altar of Dithmenos.
  7957 | D:6      | Found a hazy altar of Hepliaklqana.
  7958 | D:6      | Noticed Prince Ribbit
  7969 | D:6      | Killed Prince Ribbit
  7969 | D:6      | Reached skill level 9 in Ice Magic
  8214 | D:8      | Reached * piety under Vehumet
  8214 | D:8      | Offered knowledge of Foxfire by Vehumet.
  8214 | D:8      | Reached skill level 5 in Summonings
  8221 | D:8      | Learned a level 4 spell: Hailstorm
  8416 | D:8      | Found a sacrificial altar of Ru.
  8484 | D:8      | Reached skill level 1 in Conjurations
  9289 | D:8      | Found a blossoming altar of Fedhas.
  9451 | D:9      | Noticed a two-headed ogre
  9517 | D:9      | Noticed a two-headed ogre
  9523 | D:8      | Killed a two-headed ogre
  9714 | D:9      | Reached skill level 5 in Short Blades
 10203 | D:9      | Found a staircase to the Orcish Mines.
 10247 | D:9      | Offered knowledge of Searing Ray by Vehumet.
 10247 | D:9      | Reached skill level 10 in Ice Magic
 10247 | D:9      | Reached XP level 11. HP: 54/54 MP: 21/21
 10256 | D:9      | Reached ** piety under Vehumet
 10295 | D:9      | Learned a level 2 spell: Searing Ray
 10720 | D:9      | Offered knowledge of Dazzling Flash by Vehumet.
 11231 | D:9      | Reached *** piety under Vehumet
 11720 | D:9      | Learned a level 3 spell: Dazzling Flash
 11746 | D:9      | Killed a two-headed ogre
 11746 | D:9      | Offered knowledge of Ignite Poison by Vehumet.
 12223 | D:10     | Entered Level 10 of the Dungeon
 12468 | D:10     | Found Kualum's General Store.
 12806 | D:10     | Reached skill level 11 in Ice Magic
 13053 | D:10     | Reached **** piety under Vehumet
 13108 | D:10     | Offered knowledge of Static Discharge by Vehumet.
 13264 | D:10     | Reached skill level 5 in Conjurations
 13289 | D:10     | Found a staircase to the Lair.
 13669 | Orc:1    | Entered Level 1 of the Orcish Mines
 13914 | D:9      | Reached XP level 12. HP: 47/59 MP: 10/24
 14610 | Orc:2    | Entered Level 2 of the Orcish Mines
 14928 | Orc:2    | Found a staircase to the Elven Halls.
 15370 | Orc:2    | Reached skill level 12 in Ice Magic
 16049 | Orc:2    | Reached ***** piety under Vehumet
 16063 | Orc:2    | Found Tosoagg's Food Shoppe.
 16067 | Orc:2    | Offered knowledge of Ozocubu's Refrigeration by Vehumet.
 16091 | Orc:2    | Learned a level 6 spell: Ozocubu's Refrigeration
 16305 | Orc:2    | Found Tirph's Magic Scroll Emporium.
 16694 | Orc:2    | Bought a scroll of teleportation for 51 gold pieces
 16903 | Orc:2    | Reached skill level 13 in Ice Magic
 17045 | Orc:2    | Noticed a soul eater
 17051 | Orc:2    | Noticed a sun demon
 17842 | D:11     | Noticed a six-headed hydra
 17847 | D:11     | Killed a six-headed hydra
 18147 | D:11     | Reached XP level 13. HP: 63/63 MP: 25/26
 18291 | D:11     | Offered knowledge of Orb of Destruction by Vehumet.
 18344 | D:11     | Reached skill level 10 in Spellcasting
 18686 | D:11     | Reached skill level 14 in Ice Magic
 19258 | D:12     | Reached skill level 1 in Fighting
 19470 | D:12     | Found an ancient bone altar of Kikubaaqudgha.
 21025 | D:13     | Offered knowledge of Lee's Rapid Deconstruction by Vehumet.
 21530 | D:13     | Noticed an eight-headed hydra
 21534 | D:13     | Killed an eight-headed hydra
 22166 | D:13     | Found a gate to the Vaults.
 22166 | D:13     | Noticed an ironheart preserver
 22166 | D:13     | Noticed a centaur warrior
 22168 | D:13     | Killed a centaur warrior
 22168 | D:13     | Reached XP level 14. HP: 70/76 MP: 23/28
 22169 | D:13     | Killed an ironheart preserver
 22169 | D:13     | Reached skill level 15 in Ice Magic
 22458 | D:13     | Noticed Maurice
 22466 | D:13     | Killed Maurice
 23201 | D:14     | Reached skill level 5 in Fighting
 23292 | D:14     | Found a stormy altar of Qazlal.
 23467 | D:13     | Learned a level 6 spell: Freezing Cloud
 23738 | D:14     | Reached skill level 1 in Air Magic
 23963 | D:14     | Got an ancient shortbow
 23964 | D:14     | Identified the +10 shortbow of the Eggplant {speed, rPois}
                  | (You found it on level 14 of the Dungeon)
 24135 | D:15     | Entered Level 15 of the Dungeon
 24256 | D:15     | Offered knowledge of Iskenderun's Battlesphere by Vehumet.
 24256 | D:15     | Noticed Louise
 24746 | Orc:2    | Reached XP level 15. HP: 84/84 MP: 24/30
 25219 | Orc:2    | Found Otour's Gadget Shop.
 25219 | Orc:2    | Found Mol Raul's Antique Weapon Boutique.
 25233 | Orc:2    | Found a one-way gate leading to the halls of Pandemonium.
 25237 | Orc:2    | Bought a scorched short sword for 200 gold pieces
 25378 | Lair:1   | Entered Level 1 of the Lair of Beasts
 25501 | Lair:1   | Reached skill level 16 in Ice Magic
 25881 | Lair:1   | Noticed Gastronok
 25891 | Lair:1   | Killed Gastronok
 28162 | Lair:3   | Found a staircase to the Swamp.
 28690 | Lair:3   | Identified the +11 short sword "Qoh Waud" {pain, +Rage}
                  | (You bought it in a shop on level 2 of the Orcish Mines)
 28705 | Lair:3   | Identified a scroll of acquirement
 29180 | Lair:4   | Found a frozen archway.
 29252 | Lair:4   | Found a dark tunnel.
 29303 | Volcano  | Entered a volcano
 29485 | Volcano  | Reached skill level 5 in Air Magic
 29583 | IceCv    | Entered an ice cave
 29842 | IceCv    | Offered knowledge of Lightning Bolt by Vehumet.
 30007 | IceCv    | Reached XP level 16. HP: 86/92 MP: 31/32
 30095 | IceCv    | Got a transparent hand axe
 30096 | IceCv    | Identified the cursed +1 hand axe of the Heavens {vorpal,
                  | Str+4} (You found it in an ice cave)
 30383 | IceCv    | Reached ****** piety under Vehumet
 30854 | IceCv    | Noticed a frost giant
 31558 | IceCv    | Killed a frost giant
 31958 | Lair:4   | Found a hole to the Spider Nest.
 32492 | Lair:5   | Reached skill level 17 in Ice Magic
 32663 | Lair:5   | Noticed Rupert
 32671 | Lair:5   | Killed Rupert
 32671 | Lair:5   | Reached skill level 10 in Conjurations
 33421 | Lair:5   | HP: 4/92 [demonic crawler (1)]
 33641 | Lair:6   | Entered Level 6 of the Lair of Beasts
 33843 | Lair:6   | Learned a level 2 spell: Blink
 33981 | Lair:6   | Noticed Sonja
 33983 | Lair:6   | Killed Sonja
 33983 | Lair:6   | Reached skill level 1 in Translocations
 33994 | Lair:6   | Offered knowledge of Bolt of Magma by Vehumet.
 34093 | Lair:6   | Found a runed translucent door.
 34274 | Lair:6   | Found a viscous altar of Jiyva.
 34274 | Lair:6   | Found a staircase to the Slime Pits.
 35244 | Lair:6   | Reached skill level 1 in Shields
 35871 | Orc:2    | Bought a scroll of blinking for 127 gold pieces
 35871 | Orc:2    | Bought 3 scrolls of magic mapping for 178 gold pieces
 35923 | Elf:1    | Entered Level 1 of the Elven Halls
 36027 | Elf:1    | Cast into level 3 of the Abyss (a deep elf demonologist)
 36079 | Abyss:3  | Noticed a tentacled starspawn
 36082 | Abyss:3  | Killed a tentacled starspawn
 36124 | Abyss:3  | Noticed a tentacled starspawn
 36132 | Abyss:3  | Killed a tentacled starspawn
 36132 | Abyss:3  | Reached XP level 17. HP: 86/96 MP: 25/34
 36153 | Abyss:3  | Reached skill level 18 in Ice Magic
 36190 | Abyss:3  | Noticed a tentacled starspawn
 36193 | Abyss:3  | Mangled by a tentacled starspawn

Levels and vault maps discovered:
D:1:      lemuel_arrival_muddy, layout_basic, serial_rivers,
          chequers_serial_rivers_room_a, chequers_serial_rivers_room_b,
          chequers_serial_rivers_large_a, chequers_serial_rivers_room_a,
          chequers_serial_rivers_micro_b
D:2:      layout_basic, lemuel_doored_altar, xom_butterflies, first_ration
D:3:      layout_loops_ring, led_sif_pool
D:4:      layout_basic, uniq_ijyb, uniq_blork_the_orc, uniq_sigmund
D:5:      layout_cave_pools, chequers_temple_overflow_minitemple,
          grunt_qazlal_clouds, uniq_edmund
D:6:      layout_cave_pools, riverfiend_overflow_shadow_ancestor,
          temple_doors_e, uniq_duvessa, uniq_prince_ribbit1, uniq_eustachio
D:7:      layout_cave_pools, uniq_joseph
D:8:      layout_loops_corners, nicolae_overflow_crystal_walls,
          kennysheep_mini_moat, grunt_ogre_cave
D:9:      layout_roguey, zombieorc2_lemuel, kennysheep_generic_room_12
D:10:     layout_cave_pools, grunt_lair_entry_orc_guard_hut, serial_shops, shop
D:11:     layout_small_grid
D:12:     layout_basic, lemuel_mausoleum_altar_kikubaaqudgha
D:13:     layout_cave_pods, skrybe_vaults_entry_preservation, uniq_maurice
D:14:     layout_loops_ring, basic_altar
D:15:     gammafunk_enter_depths_forms, layout_long_grid, grunt_decor_arrowhead,
          minmay_liquid_box, nicolae_dithmenos_through_a_glass_darkly,
          uniq_louise
Temple:   chequers_temple_sunken
Lair:1:   layout_hall_layers, uniq_gastronok
Lair:2:   dpeg_oklob_gauntlet, layout_regular_city, serial_bayou_shore_a
Lair:3:   layout_regular_city, minmay_swamp_entry_worms, serial_bayou,
          serial_bayou_pond_e, serial_bayou_pond_c, serial_bayou_shore_b,
          serial_bayou_pond_c, grunt_megastairs_5, serial_bayou_shore_b,
          serial_bayou_shore_b
Lair:4:   layout_big_grid, nicolae_spider_entry_non_spiders,
          nicolae_volcano_entry_vermiform, serial_rivers,
          chequers_serial_rivers_micro_a, chequers_serial_rivers_marsh,
          chequers_serial_rivers_small_b, chequers_serial_rivers_micro_e,
          portal_ice_cave_entry_pillars_1, st_stairs_5
Lair:5:   layout_loops_ring, worms_lemuel, grunt_megastairs_3, uniq_rupert
Lair:6:   wormcave, layout_layer_cave, dpeg_slime_entry_enclosed_altar,
          uniq_sonja
Orc:1:    layout_caves
Orc:2:    pf_orc_diabolical, layout_caves, special_room
Elf:1:    eino_elf_arrival_shootout, layout_loops_cross
Abyss:3:  base: D:10, eino_small_chamber_without_monster,
          evilmike_abyss_rune_elephants_shrine, nicolae_abyss_rune_left_handed

Skill      XL: |  1  2  3  4  5  6  7  8  9 10 11 12 13 14 15 16 17 |
---------------+----------------------------------------------------+-----
Dodging        | 3 4 5 6 7 9 |  9.0
Ice Magic      | 5 6 7 8 10 11 13 14 15 16 17 18 | 18.0
Spellcasting   | 3 4 5 6 8 9 10 11 12 13 | 13.2
Summonings     | 1 2 3 4 5 6 |  6.0
Evocations     | 1 3 4 5 7 8 |  8.0
Short Blades   | 2 5 |  5.0
Conjurations   | 2 5 6 7 8 9 10 | 10.0
Fighting       | 4 6 7 |  7.0
Air Magic      | 2 5 6 |  6.0
Translocations | 3 |  3.3
Shields        | 2 |  2.3
Stealth        | |  2.6

Action                   |  1- 3 |  4- 6 |  7- 9 | 10-12 | 13-15 | 16-18 || total
-------------------------+-------+-------+-------+-------+-------+-------++-------
Melee: Dagger            |     4 |       |    44 |   485 |   334 |       ||   867
       Spear             |    24 |    27 |    27 |       |       |       ||    78
       Flail             |       |       |    54 |       |       |       ||    54
       Short sword       |       |       |       |       |    41 |   121 ||   162
 Cast: Freeze            |    42 |    80 |    67 |   143 |    66 |       ||   398
       Frozen Ramparts   |     1 |     5 |    22 |    58 |    16 |       ||   102
       Summon Ice Beast  |       |       |     9 |    51 |    30 |     7 ||    97
       Hailstorm         |       |       |       |    56 |    14 |    16 ||    86
       Searing Ray       |       |       |       |    28 |    15 |    23 ||    66
       Ozocubu's Refrige |       |       |       |    11 |   198 |   113 ||   322
       Freezing Cloud    |       |       |       |       |     3 |     3 ||     6
       Blink             |       |       |       |       |       |     1 ||     1
Evoke: Wand              |       |       |       |     4 |     9 |       ||    13
  Use: Scroll            |       |       |     3 |     1 |    14 |     9 ||    27
       Potion            |       |       |       |       |       |    10 ||    10
 Stab: Sleeping          |     1 |     3 |     1 |     2 |     7 |     1 ||    15
       Paralysed         |       |       |       |     2 |       |       ||     2
       Distracted        |       |       |       |     3 |       |       ||     3
  Eat: Chunk             |    12 |     6 |    15 |    45 |   101 |    49 ||   228
       Ration            |       |       |       |       |     1 |       ||     1
Armor: Robe              |     9 |    15 |    18 |    59 |       |       ||   101
       Troll leather arm |       |       |       |    16 |    88 |    47 ||   151
Dodge: Dodged            |    56 |    52 |   152 |   552 |   416 |   171 ||  1399

Table legend:
 A = Non-vault XP
 B = Vault XP
 C = Vault XP percentage of total XP
 D = Non-vault monster count
 E = Vault monster count
 F = Vault count percentage of total count
                 A         B        C        D         E       F
            +---------+---------+-------+---------+---------+-------
      Total |   93391 |   63180 |  40.4 |     641 |     242 |  27.4
            +---------+---------+-------+---------+---------+-------
        D:1 |      32 |       0 |   0.0 |      16 |       0 |   0.0
        D:2 |     101 |       0 |   0.0 |      27 |       0 |   0.0
        D:3 |      92 |       0 |   0.0 |      32 |       0 |   0.0
        D:4 |     539 |     354 |  39.6 |      27 |       3 |  10.0
        D:5 |     542 |     164 |  23.2 |      17 |       1 |   5.6
        D:6 |     496 |     668 |  57.4 |      13 |       4 |  23.5
        D:7 |     916 |     318 |  25.8 |      20 |       1 |   4.8
        D:8 |    2722 |     122 |   4.3 |      28 |       1 |   3.4
        D:9 |    3687 |     977 |  20.9 |      50 |      38 |  43.2
       D:10 |    2724 |     780 |  22.3 |      34 |       5 |  12.8
       D:11 |    5884 |       0 |   0.0 |      65 |       0 |   0.0
       D:12 |    5797 |     564 |   8.9 |      37 |      12 |  24.5
       D:13 |    4960 |    6114 |  55.2 |      22 |      10 |  31.2
       D:14 |   12998 |       0 |   0.0 |      42 |       0 |   0.0
       D:15 |    7906 |       0 |   0.0 |      13 |       0 |   0.0
     Lair:1 |    6909 |    1957 |  22.1 |      29 |       1 |   3.3
     Lair:2 |    2965 |    1137 |  27.7 |      15 |       2 |  11.8
     Lair:3 |    3704 |    1860 |  33.4 |      13 |       5 |  27.8
     Lair:4 |    2017 |     884 |  30.5 |       9 |       9 |  50.0
     Lair:5 |    7353 |    4707 |  39.0 |      24 |       9 |  27.3
     Lair:6 |    7918 |    7529 |  48.7 |      27 |      18 |  40.0
      Orc:1 |    1908 |    1467 |  43.5 |      31 |       3 |   8.8
      Orc:2 |    1721 |   15442 |  90.0 |      29 |      57 |  66.3
      Elf:1 |       0 |    2325 | 100.0 |       0 |       4 | 100.0
    Abyss:3 |    9500 |       0 |   0.0 |      21 |       0 |   0.0
      IceCv |       0 |   12859 | 100.0 |       0 |      52 | 100.0
    Volcano |       0 |    2952 | 100.0 |       0 |       7 | 100.0
            +---------+---------+-------+---------+---------+-------
